 Dungeon Crawl Stone Soup version 0.23.1-37-gaa34b87b72 (webtiles) character file.

Game seed: 8552548304782888799

87 Jukra the Slasher (level 4, 0/41 HPs)
             Began as a Minotaur Berserker on Mar 23, 2019.
             Was an Initiate of Makhleb.
             Slain by Terence
             ... wielding a +0 mace
              (4 damage)
             ... on level 2 of the Dungeon.
             The game lasted 00:07:00 (1323 turns).

Jukra the Slasher (Minotaur Berserker)              Turns: 1323, Time: 00:07:01

Health: 0/41       AC:  5    Str: 23    XL:     4   Next: 28%
Magic:  3/3        EV: 12    Int:  4    God:    Makhleb [......]
Gold:   104        SH:  0    Dex:  9    Spells: 3/3 levels left

rFire    . . .     SeeInvis .   j - +0 dagger (flame)
rCold    . . .     Gourm    .   (no shield)
rNeg     . . .     Faith    .   e - +1 leather armour {rPois}
rPois    +         Spirit   .   (helmet restricted)
rElec    .         Reflect  .   (no cloak)
rCorr    .         Harm     .   k - +0 pair of gloves
MR       .....                  (no boots)
Stlth    +.........             (no amulet)
HPRegen  0.13/turn              (no ring)
MPRegen  0.08/turn              (no ring)

@: no status effects
A: retaliatory headbutt, horns 2
a: Renounce Religion


You were on level 2 of the Dungeon.
You worshipped Makhleb.
Makhleb was noncommittal.
You were not hungry.

You visited 1 branch of the dungeon, and saw 3 of its levels.

You collected 104 gold pieces.

Inventory:

Hand Weapons
 a - a +0 falchion
 j - a +0 dagger of flaming (weapon)
Armour
 e - a +1 leather armour of poison resistance (worn)
 k - a +0 pair of gloves (worn)
Jewellery
 n - an uncursed amulet of the acrobat {unknown}
Scrolls
 b - a scroll of teleportation {unknown}
 g - 2 scrolls of identify {unknown}
 i - a scroll of remove curse {unknown}
 m - a scroll of enchant weapon {unknown}
 o - a scroll of immolation {unknown}
Potions
 d - a potion of lignification {unknown}
 f - 2 potions of curing {unknown}
 h - a potion of magic {unknown}
 l - a potion of haste {unknown}
Comestibles
 c - 2 rations


   Skills:
 + Level 4.6 Fighting
 + Level 1.1(2.9) Short Blades
 + Level 4.8(4.9) Long Blades
 + Level 2.9 Armour
 + Level 2.4 Dodging
 + Level 0.1 Stealth


You had 3 spell levels left.
You didn't know any spells.
Your spell library contained the following spells:

 Spells                   Type           Power        Failure   Level  Hunger
 Malign Gateway           Summ/Tloc      #.........   100%        7    #######
 Monstrous Menagerie      Summ           #.........   100%        7    #######
 Summon Greater Demon     Summ           #.........   100%        7    #######
 Summon Horrible Things   Summ           #.........   100%        8    #######


Dungeon Overview and Level Annotations

Branches:
Dungeon (3/15)

Altars:
Makhleb
Vehumet
Wu Jian

Annotations:
D:2 Terence


Innate Abilities, Weirdness & Mutations

You reflexively headbutt those who attack you in melee.
You have a pair of horns on your head.


Message History

There is a stone staircase leading down here.
You closely miss Terence.
Terence is heavily wounded.
You hit Terence. You burn Terence.
Terence is heavily wounded.
Terence hits you with a +0 mace.
* * * LOW HITPOINT WARNING * * *
You hit Terence but do no damage. Your headbutt misses Terence.
Terence is heavily wounded.
Terence hits you with a +0 mace.
* * * LOW HITPOINT WARNING * * *
You barely miss Terence.
Terence is heavily wounded.
You hit Terence but do no damage. Your headbutt misses Terence.
Terence is heavily wounded.
Terence barely misses you.
You hit Terence but do no damage. Your headbutt misses Terence.
Terence is heavily wounded.
Terence hits you with a +0 mace.
You die...

# #.# #....._..........#.# #
####.# #.#.......#......#.# #
.....###.#.......#......#)#######
.######..##...[.##.....##........
.# #..####.####....###..#####. .#
##............#.## #..# #.
÷#####..#.###.######.####..# #.
(.........##...............# #.
.#######÷.......@@...#####.#####.
.######...###.######## #.......
..............# ########
#######...##### ########.##
.........# ##########


You could see Terence.

Vanquished Creatures
  2 adders
  2 dart slugs
  2 leopard geckos
  3 giant cockroaches
  5 goblins
  8 hobgoblins
  7 jackals
  10 kobolds
  10 bats
  4 frilled lizards
  6 rats
59 creatures vanquished.

Notes
Turn   | Place    | Note
-------+----------+-------------------------------------------
     0 | D:1      | Jukra the Minotaur Berserker began the quest for the Orb.
     0 | D:1      | Reached XP level 1. HP: 19/19 MP: 0/0
    92 | D:1      | Reached XP level 2. HP: 27/27 MP: 1/1
   204 | D:1      | Reached ** piety under Trog
   237 | D:1      | Reached XP level 3. HP: 33/33 MP: 2/2
   588 | D:2      | Found an ornate altar of the Wu Jian Council.
  1079 | D:2      | Found a burning altar of Makhleb.
  1087 | D:2      | Reached XP level 4. HP: 41/41 MP: 3/3
  1088 | D:2      | Fell from the grace of Trog
  1088 | D:2      | Became a worshipper of Makhleb the Destroyer
  1276 | D:3      | Found a radiant altar of Vehumet.
  1283 | D:3      | Noticed Terence
  1285 | D:3      | Reached skill level 1 in Short Blades
  1323 | D:2      | Slain by Terence

Skill      XL: |  1  2  3  4 |
---------------+-------------+-----
Long Blades    | 4 |  4.8
Fighting       | 4 |  4.6
Short Blades   | 1 |  1.1
Armour         | |  2.9
Dodging        | |  2.4
Stealth        | |  0.1

Action                   |  1- 3 |  4- 6 || total
-------------------------+-------+-------++-------
Melee: Falchion          |    29 |       ||    29
       Headbutt          |    14 |     5 ||    19
       Dagger            |    68 |    38 ||   106
Invok: Berserk           |     1 |       ||     1
  Eat: Chunk             |     1 |     1 ||     2
Armor: Leather armour    |    32 |     5 ||    37
Dodge: Dodged            |    57 |    33 ||    90
       Rpst.: Falchion   |     7 |       ||     7
